 Dungeon Crawl Stone Soup version 0.18.1-6-gd335043 (webtiles) character file.

2513 Moloch the Cleaver (level 9, 0/74 HPs)
             Began as a Hill Orc Fighter on May 19, 2016.
             Was a Priest of Beogh.
             Succumbed to a killer bee's poison
             ... on level 8 of the Dungeon.
             The game lasted 00:13:28 (7077 turns).

Moloch the Cleaver (Hill Orc Fighter)               Turns: 7077, Time: 00:13:29

Health: 0/74       AC: 16    Str: 21    XL:     9   Next: 53%
Magic:  9/9        EV:  4    Int:  8    God:    Beogh [***...]
Gold:   433        SH: 10    Dex: 11    Spells: 0 memorised, 8 levels left

rFire  + . .     SeeInvis .     a - +0 war axe
rCold  . . .     Gourm    +     J - +0 plate armour (curse)
rNeg   . . .     Faith    .     c - +0 shield
rPois  .         Spirit   .     (no helmet)
rElec  .         Dismiss  .     j - +0 cloak
rCorr  .         Reflect  .     p - +0 pair of gloves (curse)
SustAt .         Harm     .     (no boots)
MR     .....                    b - amulet of the gourmand
Stlth  ..........               l - ring of protection from fire
                                (no ring)

@: lethally poisoned (0 -> -12), not resistant to hostile enchantments,
extremely unstealthy
A: no striking features
a: Smiting, Renounce Religion


You were on level 8 of the Dungeon.
You worshipped Beogh.
Beogh was most pleased with you.
You were not hungry.

You visited 1 branch of the dungeon, and saw 8 of its levels.
You also visited: Sewer.

You collected 433 gold pieces.

Inventory:

Hand Weapons
 a - a +0 war axe (weapon)
 I - a +1 flail of protection
Armour
 c - a +0 shield (worn)
 j - a +0 cloak (worn)
 p - a cursed +0 pair of gloves (worn)
 J - a cursed +0 plate armour (worn)
Jewellery
 b - an amulet of the gourmand (around neck)
 i - an uncursed ring of sustain attributes
 l - a ring of protection from fire (right hand)
Wands
 C - a wand of lightning (9/15)
 K - a wand of paralysis (15/24)
 P - a wand of polymorph (8/24)
Scrolls
 h - 3 scrolls of teleportation {unknown}
 n - a scroll of fear {unknown}
 o - 3 scrolls of enchant armour {unknown}
 s - a scroll of immolation {unknown}
 u - 3 scrolls of magic mapping {unknown}
 v - 2 scrolls of blinking {unknown}
 y - 4 scrolls of remove curse {unknown}
 B - 2 scrolls of noise {unknown}
 F - a scroll of random uselessness {unknown}
 M - a scroll of enchant weapon {unknown}
 N - a scroll of fog {unknown}
Potions
 d - 2 potions of might
 e - 2 potions of flight
 g - 4 potions of mutation
 k - 3 potions of heal wounds
 q - a potion of invisibility
 t - a potion of cancellation
 w - a potion of haste
 x - 2 potions of ambrosia {unknown}
 z - a potion of agility {unknown}
 D - 2 potions of lignification {unknown}
 E - 2 potions of degeneration {unknown}
 H - a potion of curing {unknown}
Comestibles
 f - 4 bread rations
 r - a meat ration
 L - a slice of pizza
 O - a beef jerky


   Skills:
 + Level 5.5 Fighting
 + Level 14.4 Axes
 + Level 5.2 Armour
 - Level 3.2 Shields


You had 8 spell levels left.
You didn't know any spells.

Dungeon Overview and Level Annotations

Branches:
Dungeon (8/15)             Temple (0/1) D:5
   Lair: D:8-11

Altars:
Fedhas
Pakellas
Trog

Shops:
D:4 (


Message History

You feel sick. You block the killer bee's attack.
The killer bee stings you but does no damage.
You miss the killer bee.
The killer bee is almost dead.
* * * LOW HITPOINT WARNING * * *
You feel sick. You block the killer bee's attack.
You miss the killer bee.
The killer bee is almost dead.
* * * LOW HITPOINT WARNING * * *
You feel sick. You block the killer bee's attack. x2
You miss the killer bee.
The killer bee is almost dead.
* * * LOW HITPOINT WARNING * * *
You feel sick. The killer bee stings you.
* * * LOW HITPOINT WARNING * * *
You are more poisoned.
The killer bee poisons you! You block the killer bee's attack.
You barely miss the killer bee.
The killer bee is almost dead.
You die...

#...............#
#...............+
#...............#
#...............#
#.............yy#+
#.................
#....#####........
#...y+y..+.y......
#....#@..#........
#....#####......#+
#...............#
#...............+
#.......y.......#
#####............
.....######.
.....# .....#


You could see a killer bee.

Vanquished Creatures
  A wyvern (D:8)
  Edmund (D:6)
  4 ice beasts
  An ogre (D:5)
  2 phantoms
  3 centaurs
  3 giant frogs
  A scorpion (D:8)
  A killer bee (D:8)
  2 howler monkeys
  2 crimson imps
  2 centaur zombies
  A giant frog zombie (D:8)
  A centaur skeleton (D:5)
  3 hounds
  2 orc priests (D:5)
  Crazy Yiuf (D:6)
  An orc wizard (D:5)
  2 iguanas
  4 worker ants
  A hound skeleton (D:8)
  A worker ant zombie (D:8)
  7 gnolls
  12 adders
  A shadow imp (D:5)
  16 oozes (Sewer)
  3 worms
  20 giant geckos
  7 orcs
  11 bats
  13 giant cockroaches
  18 hobgoblins
  A quokka (D:3)
  16 ball pythons
  2 ball python skeletons (D:4)
  13 giant newts
  14 goblins
  A jackal zombie (D:5)
  4 kobolds
  2 quokka skeletons
  A quokka zombie (D:5)
  6 rats
208 creatures vanquished.

Vanquished Creatures (collateral kills)
  An orc priest (D:6)
  An orc (D:6)
  A quokka (D:6)
3 creatures vanquished.

Vanquished Creatures (others)
  6 orcs
6 creatures vanquished.

Grand Total: 217 creatures vanquished

Notes
Turn   | Place    | Note
--------------------------------------------------------------
     0 | D:1      | Moloch the Hill Orc Fighter began the quest for the Orb.
     0 | D:1      | Reached XP level 1. HP: 19/19 MP: 1/1
     8 | D:1      | Reached skill level 3 in Axes
    89 | D:1      | Reached XP level 2. HP: 24/26 MP: 2/2
   212 | D:1      | Reached skill level 4 in Axes
   454 | D:1      | Reached XP level 3. HP: 30/31 MP: 3/3
   837 | D:2      | Reached skill level 5 in Axes
   964 | D:2      | Reached XP level 4. HP: 39/39 MP: 4/4
  1193 | D:2      | Reached skill level 6 in Axes
  1973 | D:2      | Reached XP level 5. HP: 45/45 MP: 5/5
  2034 | D:3      | Reached skill level 7 in Axes
  2334 | D:3      | Became a worshipper of Beogh the Brigand
  3203 | D:4      | Found Oxynann's Weapon Boutique.
  3535 | D:4      | Reached skill level 8 in Axes
  3535 | D:4      | Reached XP level 6. HP: 51/51 MP: 6/6
  3586 | D:5      | Entered Level 5 of the Dungeon
  3587 | D:5      | Noticed an ice beast
  3592 | D:5      | Killed an ice beast
  3844 | D:5      | Reached skill level 9 in Axes
  3928 | D:5      | Found a staircase to the Ecumenical Temple.
  3947 | D:5      | Reached * piety under Beogh
  3967 | D:5      | Reached XP level 7. HP: 23/57 MP: 7/7
  4172 | D:5      | Reached skill level 10 in Axes
  4566 | D:5      | Reached skill level 11 in Axes
  4729 | D:5      | Reached XP level 8. HP: 64/64 MP: 8/8
  4855 | D:6      | Noticed Edmund
  4870 | D:6      | Killed Edmund
  4870 | D:6      | Reached skill level 12 in Axes
  4986 | D:6      | Found a glowing drain.
  4991 | Sewer    | Entered a sewer
  5108 | Sewer    | Reached ** piety under Beogh
  5369 | Sewer    | Reached *** piety under Beogh
  5369 | Sewer    | Reached skill level 13 in Axes
  5604 | D:6      | Found an oddly glowing altar of Pakellas.
  5925 | D:6      | Noticed Crazy Yiuf
  5940 | D:6      | Killed Crazy Yiuf
  6131 | D:7      | Reached XP level 9. HP: 69/71 MP: 9/9
  6233 | D:7      | Reached skill level 14 in Axes
  6726 | D:8      | Reached skill level 5 in Fighting
  6736 | D:8      | Found a blossoming altar of Fedhas.
  6840 | D:8      | Found a bloodstained altar of Trog.
  6904 | D:8      | Reached skill level 5 in Armour
  7076 | D:8      | HP: 1/74 [killer bee (5)]
  7077 | D:8      | Succumbed to a killer bee's poison

Skill      XL: |  1  2  3  4  5  6  7  8  9 |
---------------+----------------------------+-----
Axes           | 3 4 5 6 8 9 11 13 14 | 14.4
Fighting       | 4 5 |  5.5
Armour         | 5 |  5.2
Shields        | |  3.2

Action                   |  1- 3 |  4- 6 |  7- 9 || total
-------------------------+-------+-------+-------++-------
Melee: War axe           |   112 |   239 |   500 ||   851
Invok: Convert to Beogh  |       |     1 |       ||     1
Evoke: Wand              |       |     4 |       ||     4
  Use: Scroll            |       |       |     6 ||     6
  Eat: Chunk             |       |     9 |    19 ||    28
       Pizza             |       |     1 |       ||     1
Armor: Scale mail        |    62 |   114 |     7 ||   183
       Plate armour      |       |       |   266 ||   266
Dodge: Dodged            |    40 |    73 |    63 ||   176
Block: Shield            |    65 |   103 |   246 ||   414
